 Dungeon Crawl Stone Soup version 0.30-a0-743-gbfdf073431 (webtiles) character file.

Game seed: 3212708312355987444

97 oldriver the Shooter (level 5, -2/41 HPs)
             Began as a Meteoran Hunter on Feb 6, 2023.
             Slain by a goblin
             ... wielding a +0 club
             ... led by Robin
              (6 damage)
             ... on level 3 of the Dungeon.
             The game lasted 00:03:21 (824 turns).

oldriver the Shooter (Meteoran Hunter)               Turns: 824, Time: 00:03:21

Health: -2/41      AC:  3    Str: 10 (12) XL:     5   Next: 20%
Magic:  6/6        EV: 12    Int:  9 (10) God:
Gold:   120        SH:  0    Dex: 18 (20) Spells: 4/4 levels left

rFire   . . .      SeeInvis .    a - +0 shortbow
rCold   . . .      Faith    .    (shield currently unavailable)
rNeg    . . .      Spirit   .    c - +0 leather armour
rPois   .          Reflect  .    (no helmet)
rElec   .          Harm     .    (no cloak)
rCorr   .          Rampage  .    (no gloves)
Will    .....                    (no boots)
Stlth   +                        (no amulet)
HPRegen 0.26/turn                (no ring)
MPRegen 0.10/turn                (no ring)

@: mighty, hasted, glowing, very quick
A: sense surroundings 1, otherworldly, glowing, explore regen
a: no special abilities


You were on level 3 of the Dungeon.
You visited 1 branch of the dungeon, and saw 3 of its levels.

You collected 120 gold pieces.

Inventory:

Hand Weapons
 a - a +0 shortbow (weapon)
 l - a +1 short sword of holy wrath
Armour
 c - a +0 leather armour (worn)
 e - a +0 buckler
Scrolls
 b - 4 scrolls of immolation
Potions
 f - a potion of mutation
 h - a potion of resistance


   Skills:
 - Level 2.1 Fighting
 + Level 6.5 Ranged Weapons
 - Level 2.4 Dodging
 - Level 0.6 Stealth


You had 4 spell levels left.
You didn't know any spells.
Your spell library contained the following spells:

 Spells                   Type           Power      Damage    Failure   Level
 Anguish                  Hex/Necr       0%         N/A       99%         4
 Enfeeble                 Hex            0%         N/A       100%        7


Dungeon Overview and Level Annotations

Branches:
Dungeon (3/15) Zot: 947

Altars:

Annotations:
D:3 Robin


Innate Abilities, Weirdness & Mutations

You passively map a small area around you.
You are easily found by Zot.
You glow in the dark.
You regain HP and MP as you explore.


Message History

You are too injured to fight recklessly!
You are too injured to fight recklessly!
You are too injured to fight recklessly!
You are too injured to fight recklessly!
Okay, then.
The goblin no longer looks unusually strong.
Robin throws the goblin at you! The goblin hits you but does no damage.
The goblin closely misses you.
The goblin no longer looks unusually strong.
The goblin hits you but does no damage. The goblin barely misses you.
The goblin barely misses you. The goblin attacks as you move away!
The goblin hits you with a +0 dagger. The goblin attacks as you move away!
The goblin hits you with a +0 dagger. Robin throws the goblin at you!
The goblin completely misses you.
The goblin no longer looks unusually strong.
The goblin hits you with a +0 club. The goblin attacks as you move away!
The goblin hits you but does no damage. The goblin hits you with a +0 club.
It was a potion of curing.
You feel better.
Robin roars a battlecry!
The goblins go into a battle-frenzy!
The goblin barely misses you. The goblin hits you but does no damage.
It was a potion of might.
You feel very mighty all of a sudden. Robin throws the goblin at you!
The goblin hits you but does no damage. The goblin hits you with a +0 club. x2
* * * LOW HITPOINT WARNING * * *
A goblin comes into view. It is wielding a +1 dagger of venom.
It was a potion of haste.
You feel yourself speed up. The goblin hits you but does no damage.
The goblin hits you with a +0 club.
* * * LOW HITPOINT WARNING * * *
It was a potion of degeneration.
There was something very wrong with that liquid.
You feel weakened.
You feel dopey.
You feel clumsy. The goblin hits you with a +0 dagger.
* * * LOW HITPOINT WARNING * * *
The goblin hits you with a +0 club.
* * * LOW HITPOINT WARNING * * *
The goblin hits you with a +0 club.
You die...

..........#..#*##########.#*
, ............##**
..........# , ....$...#....,
*####......# * ,
........#...., , #......# ,
,, .... , #......# ** *
*#....^.# , ##### ,, #......#
,
#.######)..###########......#
,
.)....))..gg.g.g@...........#
#.###g##.....g.ggg..........#
* #.##................##### *
* ...#................#
....#................#
#....#................#
#....####.............#
#....# #.............# ,
#.............#


You could see Robin, a hobgoblin (strong) and 6 goblins.

Vanquished Creatures
  An orc wizard (D:3)
  3 adders
  2 worms (D:2)
  3 orcs (D:3)
  2 bats (D:1)
  2 endoplasms
  5 goblins
  5 hobgoblins
  3 ball pythons
  4 frilled lizards
  4 kobolds
  3 rats
37 creatures vanquished.

Notes
Turn   | Place    | Note
-------+----------+-------------------------------------------
     0 | D:1      | oldriver the Meteoran Hunter began the quest for the Orb.
     0 | D:1      | Reached XP level 1. HP: 17/17 MP: 2/2
    69 | D:1      | Reached XP level 2. HP: 13/24 MP: 3/3
   107 | D:1      | Reached skill level 5 in Ranged Weapons
   322 | D:2      | Reached XP level 3. HP: 21/29 MP: 4/4
   517 | D:2      | Reached XP level 4. HP: 36/36 MP: 5/5
   673 | D:3      | Reached skill level 6 in Ranged Weapons
   757 | D:3      | Reached XP level 5. HP: 32/41 MP: 6/6
   793 | D:3      | Noticed Robin
   824 | D:3      | Slain by a goblin

Illustrated notes

Levels and vault maps discovered:
D:1:      dpeg_arrival_solitude, layout_rooms, chequers_ecumenical_altar_grove
D:2:      layout_basic
D:3:      layout_basic, general_overflow_altar, nicolae_overflow_crystal_walls,
          grunt_ministairs_10, uniq_robin, uniq_crazy_yiuf_cottage

Skill      XL: |  1  2  3  4 |
---------------+-------------+-----
Ranged Weapons | 5 6 |  6.5
Fighting       | |  2.1
Dodging        | |  2.4
Stealth        | |  0.6

Action                     |  1- 3 |  4- 6 || total
---------------------------+-------+-------++-------
  Melee: Shortbow          |       |     2 ||     2
   Fire: Shortbow          |    57 |    52 ||   109
    Use: Scroll            |       |     7 ||     7
         Potion            |       |     4 ||     4
 Armour: Leather armour    |    10 |    29 ||    39
  Dodge: Dodged            |    23 |    33 ||    56

Table legend: (Time is in decaauts)
 A = Elapsed time spent in this place.
 B = Non-inter-level travel time spent in this place.
 C = Inter-level travel time spent in this place.
 D = Time resting spent in this place.
 E = Time spent auto-exploring this place.
 F = Levels seen in this place.
 G = Mean time per level.
                   A        B        C        D        E       F      G
               +--------+--------+--------+--------+--------+-----+--------+
         Total |    852 |    794 |     58 |      0 |      0 |   3 |  284.0 |
       Dungeon |    852 |    794 |     58 |      0 |      0 |   3 |  284.0 |
               +--------+--------+--------+--------+--------+-----+--------+

Top non-repeatable levels by time:
     D:2: 371 daAuts
     D:1: 271 daAuts
     D:3: 209 daAuts
